 Dungeon Crawl Stone Soup version 0.28-a0-983-g1de4e0787c (webtiles) character file.

Game seed: 1785630309323561277

71 Lavandula the Poker (level 4, 35/35 HPs)
             Began as a Demonspawn Abyssal Knight on Dec 3, 2021.
             Was a Follower of Lugonu.
             Quit the game on level 3 of the Dungeon.
             The game lasted 00:05:27 (2754 turns).

Lavandula the Poker (Demonspawn Abyssal Knight)     Turns: 2754, Time: 00:05:28

Health: 35/35      AC:  8    Str: 14    XL:     4   Next: 5%
Magic:  5/5        EV:  6    Int: 11    God:    Lugonu [*.....]
Gold:   82         SH:  5    Dex: 15    Spells: 3/3 levels left

rFire   . . .      SeeInvis .   a - +1 spear
rCold   . . .      Faith    .   (no shield)
rNeg    . . .      Spirit   .   i - +0 chain mail
rPois   .          Reflect  +   (no helmet)
rElec   .          Harm     .   (no cloak)
rCorr   .          Rampage  .   (no gloves)
Will    .....                   (no boots)
Stlth   ..........              n - amulet of reflection
HPRegen 0.11/turn               (no ring)
MPRegen 0.09/turn               (no ring)

@: no status effects
A: claws 1, demonic magic 1
a: Renounce Religion, Depart the Abyss


You were on level 3 of the Dungeon.
You worshipped Lugonu.
Lugonu was aware of your devotion.
You visited 1 branch of the dungeon, and saw 3 of its levels.
You visited the Abyss 1 time.

You collected 82 gold pieces.

Inventory:

Hand Weapons
 a - a +1 spear (weapon)
Missiles
 p - 11 poisoned darts
Armour
 b - a +0 leather armour
 f - a +0 ring mail
 i - a +0 chain mail (worn)
Jewellery
 n - an amulet of reflection (around neck)
Scrolls
 c - a scroll of fear {unknown}
 d - a scroll of fog {unknown}
 e - a scroll of blinking {unknown}
 g - a scroll of immolation {unknown}
 h - 3 scrolls of identify {unknown}
 j - a scroll of vulnerability {unknown}
 o - a scroll of torment {unknown}
 q - a scroll of teleportation {unknown}
Potions
 k - a potion of heal wounds {unknown}
 l - a potion of might {unknown}
 m - a potion of attraction {unknown}
 r - a potion of curing {unknown}


   Skills:
 - Level 3.0 Fighting
 + Level 4.0 Polearms
 - Level 1.7 Armour
 - Level 0.8 Dodging
 - Level 2.4 Invocations


You had 3 spell levels left.
You didn't know any spells.
Your spell library was empty.

Dungeon Overview and Level Annotations

Branches:
Dungeon (3/15)

Altars:
Qazlal

Shops:
D:2 [

Annotations:
D:3 Terence


Innate Abilities, Weirdness & Mutations

You have sharp fingernails.
Spells you cast may paralyse adjacent enemies.


Message History

There is a stone staircase leading up here.
You open the door.
There is an open door here.
You now have 82 gold pieces (gained 12).
As you open the door, it creaks loudly!
A bat comes into view.
Found a ring mail.
A bat is nearby!
A bat is nearby!
A bat is nearby!
A bat is nearby!
You reach to attack!
You hit the bat.
The bat is severely wounded.
The bat hits you but does no damage.
You hit the bat.
You kill the bat!
Lugonu accepts your kill.
No target in view!
No target in view!
No target in view!
Terence the Incautious comes into view.
He is wielding a +0 short sword.
There is an open door here.
Terence is nearby!
Terence is nearby!
Terence is nearby!
You don't know any spells.
Unknown command.
Okay, then.
Terence shouts!
Found 7 gold pieces.
You reach to attack!
You barely miss Terence. You closely miss Terence.
Okay, then.
Okay, then.
Okay, then.
Level annotation: Terence Welcome back, Lavandula the Demonspawn Abyssal Knight.
Lugonu says: Spread carnage and corruption!
Press ? for a list of commands and other information.
Are you sure you want to abandon this character and quit the game? (Confirm with "yes".)

### ##### ........
..#...# #.# $..[.##
#.# ..... ... ...
#.# #.###.###.# #.#
#....@....# ##.####
#####@##### #.....#
##'## #..##.#
##...## #..<#.#
##.....## #.....#
##.......#
#.....####.........#
#..†.....'.........+
#.....######.......#
#.#...## #......##


You could see Terence.

Vanquished Creatures
  3 adders (D:2)
  A worm (D:2)
  2 dart slugs
  An orc (D:2)
  3 ball pythons (D:1)
  3 endoplasms
  2 giant cockroaches
  4 goblins
  4 hobgoblins (D:1)
  2 jackals (D:1)
  2 quokkas (D:1)
  4 bats
  3 kobolds
  A rat (D:1)
35 creatures vanquished.

Notes
Turn   | Place    | Note
-------+----------+-------------------------------------------
     0 | Abyss:1  | Lavandula the Demonspawn Abyssal Knight began the quest for
                  | the Orb.
     0 | Abyss:1  | Reached XP level 1. HP: 18/18 MP: 2/2
    54 | Abyss:1  | Noticed a spriggan defender zombie
    56 | D:1      | Escaped the Abyss
   164 | D:1      | Reached skill level 2 in Polearms
   311 | D:1      | Reached * piety under Lugonu
   626 | D:1      | Discovered your monstrous ancestry.
   626 | D:1      | Gained mutation: You have sharp fingernails. [demonic
                  | ancestry]
   626 | D:1      | Reached XP level 2. HP: 24/24 MP: 3/3
  1097 | D:1      | Reached skill level 3 in Polearms
  1534 | D:2      | Reached XP level 3. HP: 24/29 MP: 4/4
  1934 | D:2      | Found a faded altar of an unknown god.
  2213 | D:2      | Found Buri Cutt's Armour Emporium.
  2440 | D:2      | Found a stormy altar of Qazlal.
  2698 | D:2      | Gained mutation: Spells you cast may paralyse adjacent
                  | enemies. [demonic ancestry]
  2698 | D:2      | Reached XP level 4. HP: 32/35 MP: 5/5
  2709 | D:3      | Reached skill level 4 in Polearms
  2748 | D:3      | Noticed Terence
  2754 | D:3      | Quit the game

Illustrated notes

Levels and vault maps discovered:
D:1:      heliophobic_arrival_dark_side_of_the_moon, layout_basic
D:2:      layout_rooms, serial_shops, shop, basic_altar, basic_ecumenical_altar,
          kennysheep_generic_room_2
D:3:      layout_loops_corners, minmay_misc_feat_x,
          nicolae_elevator_lobby_asterisk, uniq_terence

Skill      XL: |  1  2  3  4 |
---------------+-------------+-----
Polearms       | 2 3 4 |  4.0
Fighting       | |  3.0
Armour         | |  1.7
Dodging        | |  0.8
Invocations    | |  2.4

Action                   |  1- 3 |  4- 6 || total
-------------------------+-------+-------++-------
Melee: Spear             |   153 |     7 ||   160
Invok: Depart the Abyss  |     1 |       ||     1
Armor: Leather armour    |    12 |       ||    12
       Chain mail        |    31 |     2 ||    33
Dodge: Dodged            |    38 |       ||    38
Block: Other             |     1 |       ||     1

Table legend: (Time is in decaauts)
 A = Elapsed time spent in this place.
 B = Non-inter-level travel time spent in this place.
 C = Inter-level travel time spent in this place.
 D = Time resting spent in this place.
 E = Time spent auto-exploring this place.
 F = Levels seen in this place.
 G = Mean time per level.
                   A        B        C        D        E       F      G
               +--------+--------+--------+--------+--------+-----+--------+
         Total |   2745 |   2700 |     45 |    763 |   1519 |   4 |  686.2 |
       Dungeon |   2689 |   2644 |     45 |    763 |   1519 |   3 |  896.3 |
         Abyss |     56 |     56 |      0 |      0 |      0 |   1 |   56.0 |
               +--------+--------+--------+--------+--------+-----+--------+

Top non-repeatable levels by time:
     D:1: 1450 daAuts
     D:2: 1178 daAuts
     D:3: 60 daAuts
 Abyss:1: 56 daAuts
